 Dungeon Crawl Stone Soup version 0.30.0-29-ga12c61a403 (webtiles) character file.

Game seed: 17251962575015168249

64 Elmgren the Shooter (level 4, -2/39 HPs)
             Began as a Gargoyle Hunter on June 22, 2023.
             Slain by an orc priest
             ... wielding the +7 rapier of Xom's Whim {drain, Str+3 Dex+2}
              (7 damage)
             ... on level 3 of the Dungeon.
             The game lasted 00:05:54 (2304 turns).

Elmgren the Shooter (Gargoyle Hunter)               Turns: 2304, Time: 00:05:55

Health: -2/39      AC: 22    Str: 14    XL:     4   Next: 12%
Magic:  4/4        EV:  2    Int: 10    God:
Gold:   214        SH:  0    Dex: 15    Spells: 3/3 levels left

rFire   . . .        a - +0 shortbow
rCold   . . .        (shield currently unavailable)
rNeg    + . .        c - melded +0 leather armour
rPois   ∞            (helmet currently unavailable)
rElec   .            (cloak currently unavailable)
rCorr   .            (gloves currently unavailable)
SInv    .            (boots currently unavailable)
Will    .....        (no amulet)
Stlth   ++           (no ring)
HPRegen 0.26/turn    (no ring)
MPRegen 0.09/turn

%: no passive effects
@: tree-form
A: stationary, stasis, torment immunity, boosted hp, sickness immunity, AC +3,
negative energy resistance 1, (electricity resistance), torment resistance 1,
petrification resistance
a: no special abilities


You were on level 3 of the Dungeon.
You were a tree.
You visited 1 branch of the dungeon, and saw 3 of its levels.

You collected 214 gold pieces.

Inventory:

Hand Weapons
 a - a +0 shortbow (weapon)
Armour
 c - a +0 leather armour (melded)
Wands
 f - a wand of quicksilver (8)
 k - a wand of polymorph (7)
 n - a wand of digging (6)
Scrolls
 b - a scroll of immolation
 d - a scroll of fog {unknown}
 m - a scroll of blinking {unknown}
Potions
 e - 2 potions of degeneration
 g - 4 potions of mutation {unknown}
 h - a potion of lignification
 i - a potion of curing {unknown}
 j - a potion of attraction {unknown}
 l - 2 potions of flight {unknown}


   Skills:
 - Level 2.1 Fighting
 + Level 5.5 Ranged Weapons
 - Level 1.5 Dodging
 - Level 1.1 Stealth


You had 3 spell levels left.
You didn't know any spells.
Your spell library contained the following spells:

 Spells                   Type           Power      Damage    Failure   Level
 Dazzling Flash           Conj/Hex       0%         N/A       75%         3
 Vhi's Electric Charge    Tloc/Air       0%         N/A       75%         3
 Agony                    Necr           0%         N/A       100%        5
 Arcjolt                  Conj/Air       0%         1d10      100%        5
 Silence                  Hex/Air        0%         N/A       100%        5
 Plasma Beam              Fire/Air       0%         2x1d11    100%        6


Dungeon Overview and Level Annotations

Branches:
Dungeon (3/15) Zot: 15650

Altars:


Innate Abilities, Weirdness & Mutations

You are a tree.
Your roots penetrate the ground, keeping you stationary.
You cannot be teleported.
You are immune to unholy pain and torment.
Your maximum health is greatly increased.
Your equipment is partially melded.
You are immune to sickness and miasma.
((Your stone body is resilient. (AC +3)))
You are immune to poison.
You resist negative energy. (rN+)
((You are resistant to electric shocks. (rElec)))
You are resistant to unholy torment.
You are immune to petrification.


Message History

The arrow hits the orc priest but does no damage.
An orc comes into view. It is wielding a +0 falchion.
The orc priest invokes the aid of Beogh against you.
Beogh smites you!
The orc shouts!
You take 12 damage, and have 14/26 hp.
MASSIVE DAMAGE!!
You shoot an arrow. The arrow barely misses the orc priest.
You shoot an arrow. The arrow hits the orc priest.
You shoot an arrow. The arrow closely misses the orc.
The arrow hits the orc priest.
The orc barely misses you.
You shoot an arrow.
The arrow hits the orc priest but does no damage.
The orc hits you with a +0 falchion.
* * * LOW HITPOINT WARNING * * *
The orc priest hits you with the +7 rapier of Xom's Whim {drain, Str+3 Dex+2}.
* * * LOW HITPOINT WARNING * * *
You take 6 damage, and have 9/26 hp.
MASSIVE DAMAGE!!
You shoot an arrow.
The arrow hits the orc priest but does no damage.
The orc priest hits you with the +7 rapier of Xom's Whim {drain, Str+3 Dex+2}.
* * * LOW HITPOINT WARNING * * *
The orc hits you with a +0 falchion.
* * * LOW HITPOINT WARNING * * *
You take 6 damage, and have 3/26 hp.
MASSIVE DAMAGE!!
Okay, then.
Really quaff the potion of lignification?
You turn into a tree.
Your +0 leather armour melds into your body.
Your roots penetrate the ground.
The orc priest hits you with the +7 rapier of Xom's Whim {drain, Str+3 Dex+2}.
* * * LOW HITPOINT WARNING * * *
The orc hits you but does no damage.
You now have 5/39 hp.
You are too injured to fight recklessly!
You are too injured to fight recklessly!
You are too injured to fight recklessly!
You shoot an arrow.
The arrow closely misses the orc priest.
The orc priest hits you with the +7 rapier of Xom's Whim {drain, Str+3 Dex+2}!
You die...

).#
#.##..######
...........
### #.##..#
#######'### #
#.##..# #.# #
###.##..# #.#
# #...##[.#
#.# #
#...###.# #.#
# #...###.##
#.### #
#...'....#####
######.... #
#...####..)o♣#
........... #
#(..# #####o#
#######.... #
##### #....#
#.... #.....
#.### #.....)
#.# #.......
#.# #........
#.# ..........
#.#
#....#.#.##.#
#.#


You could see an orc priest and an orc.

Vanquished Creatures
  2 adders (D:3)
  A worm (D:1)
  4 orcs (D:3)
  4 bats
  4 endoplasms
  A giant cockroach (D:3)
  5 goblins
  3 hobgoblins
  2 kobolds
  2 quokkas (D:3)
  4 ball pythons
  3 frilled lizards (D:1)
  4 rats
39 creatures vanquished.

Notes
Turn   | Place    | Note
-------+----------+-------------------------------------------
     0 | D:1      | Elmgren the Gargoyle Hunter began the quest for the Orb.
     0 | D:1      | Reached XP level 1. HP: 12/12 MP: 1/1
   175 | D:1      | You fall into a shaft and drop 1 floor!
   399 | D:2      | Reached XP level 2. HP: 17/17 MP: 2/2
   900 | D:1      | Reached XP level 3. HP: 4/21 MP: 3/3
  1508 | D:2      | Reached skill level 5 in Ranged Weapons
  2192 | D:3      | Reached XP level 4. HP: 26/26 MP: 4/4
  2276 | D:3      | Identified the +7 rapier of Xom's Whim {drain, Str+3 Dex+2}
  2304 | D:3      | Slain by an orc priest

Illustrated notes

Levels and vault maps discovered:
D:1:      wander_arrival_peaceful_grave, layout_rooms
D:2:      layout_loops_corners, grunt_ministairs_10, kennysheep_minor_cross,
          skrybe_limestone_x
D:3:      layout_basic

Skill      XL: |  1  2  3 |
---------------+----------+-----
Ranged Weapons | 5 |  5.5
Fighting       | |  2.1
Dodging        | |  1.5
Stealth        | |  1.1

Action                     |  1- 3 |  4- 6 || total
---------------------------+-------+-------++-------
   Fire: Shortbow          |   128 |    18 ||   146
    Use: Scroll            |     3 |       ||     3
         Potion            |     1 |     1 ||     2
 Armour: Leather armour    |    23 |     2 ||    25
         Skin              |     7 |     1 ||     8
  Dodge: Dodged            |    30 |     6 ||    36
